 Dungeon Crawl Stone Soup version 0.30-a0-1085-g990a428a5c (webtiles) character file.

Game seed: 13887231815174896903

380 fortdeath9 the Chopper (level 6, -4/56 HPs)
             Began as a Minotaur Fighter on Apr 17, 2023.
             Was an Initiate of Okawaru.
             Shot with an arrow by a centaur (10 damage)
             ... on level 5 of the Dungeon.
             The game lasted 00:14:51 (3054 turns).

fortdeath9 the Chopper (Minotaur Fighter)           Turns: 3054, Time: 00:14:51

Health: -4/56      AC:  8    Str: 22    XL:     6   Next: 46%
Magic:  5/5        EV:  9    Int:  5    God:    Okawaru [......]
Gold:   155        SH:  5    Dex: 10    Spells: 5/5 levels left

rFire   . . .      SeeInvis .    f - +0 hand axe (venom)
rCold   . . .      Faith    .    c - +0 buckler
rNeg    . . .      Spirit   .    b - +0 scale mail
rPois   .          Reflect  .    (helmet restricted)
rElec   .          Rampage  .    (no cloak)
rCorr   .                        i - +0 pair of gloves
Will    +....                    (no boots) Stlth
                                 (no amulet)
HPRegen 0.29/turn                p - ring of willpower
MPRegen 0.09/turn                (no ring)

@: no status effects
A: horns 2, retaliatory headbutt
a: Renounce Religion


You were on level 5 of the Dungeon.
You worshipped Okawaru.
Okawaru was noncommittal.
You visited 1 branch of the dungeon, and saw 5 of its levels.

You collected 155 gold pieces.

Inventory:

Hand Weapons
 f - a +0 hand axe of venom (weapon)
Armour
 b - a +0 scale mail (worn)
 c - a +0 buckler (worn)
 i - a +0 pair of gloves (worn)
Jewellery
 p - a ring of willpower (left hand)
Wands
 g - a wand of flame (5)
 h - a wand of paralysis (12)
Scrolls
 e - 2 scrolls of teleportation
 n - a scroll of identify
 q - a scroll of enchant weapon {unknown}
Potions
 a - a potion of flight {unknown}
 d - 3 potions of might
 j - 2 potions of brilliance {unknown}
 k - 2 potions of haste {unknown}
 l - a potion of resistance {unknown}
 m - a potion of curing {unknown}
 o - a potion of mutation {unknown}


   Skills:
 + Level 5.1 Fighting
 * Level 5.3 Axes
 + Level 5.1 Armour
 + Level 5.2 Shields


You had 5 spell levels left.
You didn't know any spells.
Your spell library contained the following spells:

 Spells                   Type           Power      Damage    Failure   Level
 Slow                     Hex            0%         N/A       86%         1
 Confusing Touch          Hex            0%         N/A       99%         3
 Vampiric Draining        Necr           0%         2d6       99%         3


Dungeon Overview and Level Annotations

Branches:
Dungeon (5/15)             Temple (0/1) D:4

Altars:
Dithmenos
Fedhas
Okawaru
Qazlal
Vehumet
Yredelemnul

Shops:
D:4 =


Innate Abilities, Weirdness & Mutations

You have a pair of horns on your head.
You reflexively headbutt those who attack you in melee.


Message History

* * * LOW HITPOINT WARNING * * *
The worm barely misses you.
Aiming: Throw Flame
Press: ? - help, Shift-Dir - straight line, f - worm
Aim: a worm (moderately wounded, very poisoned, 89% to hit)
The puff of flame hits the worm!
The worm is almost dead.
You kill the worm!
Okawaru accepts your kill. The gnoll barely misses you.
Found a stone staircase leading down.
Cleave: f) +0 hand axe (venom)
Press: ? - help, Dir - move target, f - you
Okay, then.
Cleave: f) +0 hand axe (venom)
Press: ? - help, Dir - move target, f - you
Okay, then.
Cleave: f) +0 hand axe (venom)
Press: ? - help, Dir - move target, f - you
Okay, then.
A gnoll is nearby!
Aiming: Throw Flame
Press: ? - help, Shift-Dir - straight line, f - gnoll
Aim: a gnoll, wielding a +0 spear (72% to hit)
The puff of flame hits the gnoll!
The gnoll is heavily wounded.
A centaur comes into view.
The gnoll closely misses you.
The centaur wields a +0 shortbow.
The centaur shoots an arrow.
You block the arrow. The gnoll hits you with a +0 spear.
* * * LOW HITPOINT WARNING * * *
You barely miss the gnoll.
You headbutt the gnoll, but do no damage.
The gnoll is heavily wounded.
The centaur shoots an arrow.
You block the arrow. The gnoll barely misses you.
The centaur shoots an arrow.
The arrow closely misses you.
The centaur shoots an arrow.
The arrow hits you but does no damage. The gnoll hits you but does no damage.
The centaur shoots an arrow.
The arrow hits you!
You die...

... ..........# ..c>
..........# .....
#####.......$..#
.....####..............#
#....<...............!.#
#...............>......#
#........g...######....#
#............#....#....+
#########@...#....#....#
#...)'....#)...#+#
#....#....'.......
#....#....#....... ##
#....#'##.#.......
###..##......#.##+##...
.... .....<'......#..
... .....
.....#......#... ...
..... .....#......#....
.


You could see a centaur and a gnoll.

Vanquished Creatures
  A hound (D:4)
  A jelly (D:4)
  An orc priest (D:3)
  Terence (D:2)
  2 orc wizards
  8 gnolls
  4 adders
  A white imp (D:5)
  3 worms
  A dart slug (D:3)
  11 orcs
  6 bats
  2 endoplasms
  3 giant cockroaches
  3 goblins
  11 hobgoblins
  5 kobolds
  4 quokkas
  9 ball pythons
  3 frilled lizards
  3 rats
83 creatures vanquished.

Notes
Turn   | Place    | Note
-------+----------+-------------------------------------------
     0 | D:1      | fortdeath9 the Minotaur Fighter began the quest for the
                  | Orb.
     0 | D:1      | Reached XP level 1. HP: 19/19 MP: 0/0
   214 | D:1      | Reached XP level 2. HP: 27/27 MP: 1/1
   654 | D:2      | Noticed Terence
   667 | D:2      | Killed Terence
   668 | D:2      | Reached XP level 3. HP: 15/33 MP: 2/2
   675 | D:2      | HP: 2/49 [poisoned by Terence]
   891 | D:2      | Reached XP level 4. HP: 40/40 MP: 3/3
  1486 | D:3      | Found a shadowy altar of Dithmenos.
  1690 | D:3      | Reached XP level 5. HP: 26/47 MP: 4/4
  1785 | D:3      | Found a blossoming altar of Fedhas.
  1788 | D:3      | Found a stormy altar of Qazlal.
  2151 | D:4      | Found a staircase to the Ecumenical Temple.
  2262 | D:4      | Found a basalt altar of Yredelemnul.
  2280 | D:4      | Found a radiant altar of Vehumet.
  2319 | D:4      | Found Yfiggosi's Jewellery Emporium.
  2365 | D:4      | Reached skill level 5 in Armour
  2365 | D:4      | Reached skill level 5 in Shields
  2365 | D:4      | Reached XP level 6. HP: 52/55 MP: 5/5
  2402 | D:4      | Found an iron altar of Okawaru.
  2410 | D:4      | Became a worshipper of Warmaster Okawaru
  2547 | D:4      | Reached skill level 5 in Fighting
  2547 | D:4      | Reached skill level 5 in Axes
  2840 | D:5      | Entered Level 5 of the Dungeon
  3054 | D:5      | Shot with an arrow by a centaur

Illustrated notes

Levels and vault maps discovered:
D:1:      dpeg_arrival_windows_large_door, layout_basic
D:2:      layout_loops_cross, item_on_display_a, uniq_terence
D:3:      layout_basic, grunt_temple_overflow_forces_of_nature,
          grunt_dithmenos_smoke_and_mirrors
D:4:      layout_cave_pools, nicolae_overflow_hidden_temple, vehumet_crystals,
          kennysheep_okawaru_gauntlet, minmay_temple_entry_from_below_a,
          serial_shops, shop
D:5:      layout_gridville

Skill      XL: |  1  2  3  4  5  6 |
---------------+-------------------+-----
Armour         | 4 5 |  5.1
Fighting       | 4 5 |  5.1
Shields        | 4 5 |  5.2
Axes           | 3 4 5 |  5.3

Action                     |  1- 3 |  4- 6 || total
---------------------------+-------+-------++-------
  Melee: War axe           |    45 |       ||    45
         Headbutt          |     8 |    24 ||    32
         Hand axe          |     6 |   123 ||   129
  Evoke: Wand              |       |     2 ||     2
    Use: Scroll            |     2 |       ||     2
         Potion            |     1 |       ||     1
 Armour: Scale mail        |    23 |    37 ||    60
  Dodge: Dodged            |    23 |    57 ||    80
  Block: Buckler           |     7 |    26 ||    33

Table legend: (Time is in decaauts)
 A = Elapsed time spent in this place.
 B = Non-inter-level travel time spent in this place.
 C = Inter-level travel time spent in this place.
 D = Time resting spent in this place.
 E = Time spent auto-exploring this place.
 F = Levels seen in this place.
 G = Mean time per level.
                   A        B        C        D        E       F      G
               +--------+--------+--------+--------+--------+-----+--------+
         Total |   3087 |   2948 |    139 |    237 |   1417 |   5 |  617.4 |
       Dungeon |   3087 |   2948 |    139 |    237 |   1417 |   5 |  617.4 |
               +--------+--------+--------+--------+--------+-----+--------+

Top non-repeatable levels by time:
     D:3: 828 daAuts
     D:2: 748 daAuts
     D:4: 694 daAuts
     D:1: 600 daAuts
     D:5: 215 daAuts
